 Dungeon Crawl Stone Soup version 0.19-a0-1587-gaef70b6 (webtiles) character file.

868 dobroeutro the Slasher (level 8, -1/62 HPs)
             Began as a Formicid Fighter on Sept 16, 2016.
             Slain by an orc warrior
             ... wielding a +0 hand axe
              (10 damage)
             ... on level 6 of the Dungeon.
             The game lasted 00:07:33 (3399 turns).

dobroeutro the Slasher (Formicid Fighter)           Turns: 3399, Time: 00:07:34

Health: -1/62      AC:  8    Str: 23    XL:     8   Next: 23%
Magic:  8/8        EV:  7    Int:  7    God:
Gold:   242        SH: 10    Dex: 11    Spells: 0 memorised, 7 levels left

rFire  . . .     SeeInvis +     a - +1 long sword
rCold  . . .     Gourm    .     b - +0 scale mail
rNeg   . . .     Faith    .     c - +1 shield
rPois  .         Spirit   .     (helmet unavailable)
rElec  .         Dismiss  .     (no cloak)
rCorr  .         Reflect  .     (no gloves)
MR     .....     Harm     .     n - +0 pair of boots
Stlth  ..........               (no amulet)
                                (no ring)
                                (no ring)

@: drained
A: permanent stasis, dig shafts and tunnels, four strong arms, antennae 3
a: Dig, Shaft Self


You were on level 6 of the Dungeon.
You were not hungry.

You visited 1 branch of the dungeon, and saw 6 of its levels.

You collected 242 gold pieces.

Inventory:

Hand Weapons
 a - a +1 long sword (weapon)
Armour
 b - a +0 scale mail (worn)
 c - a +1 shield (worn)
 n - a +0 pair of boots (worn)
Scrolls
 e - a scroll of identify
 g - a scroll of blinking
 h - 4 scrolls of remove curse
 j - 5 scrolls of teleportation
 p - a scroll of fog
 q - a scroll of amnesia
Potions
 d - a potion of might
 i - 2 potions of brilliance
 k - a potion of cancellation
 l - 2 potions of heal wounds
 m - 2 potions of lignification {unknown}
 o - a potion of degeneration {unknown}
Comestibles
 f - 2 bread rations


   Skills:
 + Level 5.3(4.3) Fighting
 * Level 6.8(5.8) Long Blades
 + Level 5.7(4.8) Armour
 - Level 3.6(2.7) Shields


You had 7 spell levels left.
You didn't know any spells.

Dungeon Overview and Level Annotations

Branches:
Dungeon (6/15)
 Temple: D:4-7

Altars:
Cheibriados
Dithmenos
Fedhas
Kikubaaqudgha
Nemelex Xobeh
Qazlal
Ru
Uskayaw

Annotations:
D:3 Antless's ghost, amateur FoFi


Innate Abilities, Weirdness & Mutations

You are under a permanent stasis effect.
You can dig through walls and to a lower floor.
Your four strong arms can wield two-handed weapons with a shield.
You have a pair of large antennae on your head. (SInv)


Message History

You easily resist.
The orc wizard gestures at you while chanting.
The magic dart hits you!
* * * LOW HITPOINT WARNING * * *
Things that are here:
a whip; a gnoll skeleton You block the orc wizard's attack.
Okay, then.
Okay, then.
You extend your mandibles.
You dig through the rock wall.
You block the orc wizard's attack.
You dig through the rock wall.
You dig through the rock wall.
The orc wizard casts a spell.
The orc wizard blinks!
You dig through the rock wall.
You retract your mandibles.
You hit the orc warrior.
The orc warrior is severely wounded.
The orc warrior hits you with a hand axe!
You die...

...?###.##{##.#
#)##.
#........{.##.#
#o##.
##.###.#####.#
#o... #{#####.#
#...†
##.<.....#
#.##.
##{########
#.#.. ##.##
#.... #o##
#.#.# ##@# ....
### ..


You could see an orc warrior.

Vanquished Creatures
  A sky beast (D:5)
  A scorpion (D:4)
  3 wights (D:6)
  A howler monkey (D:6)
  A centaur zombie (D:5)
  2 orc priests (D:3)
  3 hounds
  3 orc wizards
  2 iguanas (D:4)
  9 adders
  5 gnolls
  2 worms (D:4)
  A dart slug (D:2)
  8 leopard geckos
  16 orcs
  7 giant cockroaches
  6 goblins
  7 hobgoblins
  6 jackals (D:1)
  A quokka (D:4)
  A ball python (D:1)
  6 bats
  7 frilled lizards
  3 kobolds
  11 rats
113 creatures vanquished.

Notes
Turn   | Place    | Note
-------+----------+-------------------------------------------
     0 | D:1      | dobroeutro the Formicid Fighter began the quest for the Orb.
     0 | D:1      | Reached XP level 1. HP: 18/18 MP: 1/1
    47 | D:1      | Reached XP level 2. HP: 9/24 MP: 2/2
   299 | D:1      | Reached XP level 3. HP: 24/29 MP: 3/3
   316 | D:1      | Reached skill level 3 in Long Blades
   635 | D:2      | Reached XP level 4. HP: 11/36 MP: 4/4
  1051 | D:2      | Reached XP level 5. HP: 14/42 MP: 5/5
  1237 | D:2      | Reached skill level 4 in Long Blades
  1741 | D:3      | Reached XP level 6. HP: 48/48 MP: 6/6
  1772 | D:3      | Reached skill level 5 in Long Blades
  2069 | D:3      | Noticed Antless's ghost (amateur FoFi)
  2542 | D:4      | Reached XP level 7. HP: 32/55 MP: 7/7
  2566 | D:4      | Reached skill level 5 in Armour
  2567 | D:4      | Found a stormy altar of Qazlal.
  2567 | D:4      | Found a sacrificial altar of Ru.
  2570 | D:4      | Found a blossoming altar of Fedhas.
  2570 | D:4      | Found a snail-covered altar of Cheibriados.
  2575 | D:4      | Found a shadowy altar of Dithmenos.
  2576 | D:4      | Found an ancient bone altar of Kikubaaqudgha.
  2619 | D:4      | Found a sparkling altar of Nemelex Xobeh.
  2797 | D:5      | Entered Level 5 of the Dungeon
  2861 | D:5      | Found a hide-covered altar of Uskayaw.
  2897 | D:5      | Reached skill level 6 in Long Blades
  3069 | D:6      | Reached skill level 5 in Fighting
  3320 | D:6      | Reached XP level 8. HP: 60/62 MP: 8/8
  3399 | D:6      | Slain by an orc warrior

Vault maps used:
D:1:      sevenhm_arrival_forest_fort_small_3
D:3:      st_stairs_3
D:4:      grunt_temple_overflow_open, first_bread, bh_walls_and_bars
D:5:      basic_altar

Skill      XL: |  1  2  3  4  5  6  7 |
---------------+----------------------+-----
Long Blades    | 3 4 5 6 |  6.8
Armour         | 4 5 |  5.7
Fighting       | 4 5 |  5.3
Shields        | |  3.6

Action                   |  1- 3 |  4- 6 |  7- 9 || total
-------------------------+-------+-------+-------++-------
Melee: Long sword        |   125 |   293 |   126 ||   544
 Abil: Dig               |       |       |     2 ||     2
  Use: Potion            |       |     5 |       ||     5
       Scroll            |       |       |    10 ||    10
  Eat: Chunk             |       |     5 |       ||     5
       Meat ration       |       |       |     1 ||     1
Armor: Scale mail        |    58 |    99 |    46 ||   203
Dodge: Dodged            |    46 |    82 |    28 ||   156
Block: Shield            |    84 |   125 |    57 ||   266
